Map: Seeds of Aiur

Players

Enzo

  • Race: Terran Terran
  • League: Silver
  • Spawn Location: 7:00

iNkParesSinS

  • Race: Terran Terran
  • League: Diamond
  • Spawn Location: 7:00

ILIEKEGGPIE

  • Race: Protoss Protoss
  • Spawn Location: 1:00

BizMac

  • Race: Zerg Zerg
  • Spawn Location: 1:00

VOD

Have the link to the VOD?

Description

Time

  • Played on: April 3, 2018, 11:11 a.m.
  • Length: 13:07
Show
View Real Time Build Order
Export as new Build Order

Enzo Terran 

Build Orders: Cyclone Opening 

Get SALT Encoding   

  12  0:02  SCV  
  13  0:17  Supply Depot  
  13  0:30  Refinery  
  13  0:31  Refinery  
  13  0:47  Barracks  
  13  0:59  SCV  
  14  1:11  SCV  
  15  1:23  SCV  
  16  1:36  SCV  
  16  1:37  Factory  
  17  1:41  Barracks Reactor  
  17  1:50  Orbital Command  
  17  2:11  Supply Depot  
  17  2:30  Cyclone x2  
  23  2:38  SCV  
  23  2:40  Supply Depot  
  24  3:02  Cyclone x2  
  30  3:13  SCV  
  31  3:25  SCV  
  32  3:35  Cyclone x2  
  32  3:37  SCV  
  39  3:47  Supply Depot  
  39  4:02  Factory  
  39  4:09  SCV  
  40  4:12  Armory  
  34  5:13  Factory Tech Lab  
  34  5:19  Command Center  
  34  5:20  Factory  
  25  5:29  Hellbat x2  
  29  5:51  Hellbat x2  
  30  6:12  Hellbat x2  
  34  6:19  Thor  
  34  6:20  Factory Tech Lab  
  40  6:26  Terran Vehicle Weapons Level 1  
  40  6:37  SCV  
  40  6:38  Refinery  
  41  6:45  Thor  
  47  6:49  SCV  
  48  7:02  SCV  
  49  7:12  Thor  
  49  7:14  SCV  
  56  7:26  SCV  
  57  7:34  Refinery  
  57  7:38  SCV  
  58  7:50  SCV  
  59  7:53  Supply Depot  
  59  7:54  Supply Depot  
  59  8:13  SCV  
  59  8:15  Thor  
  59  8:16  Supply Depot  
  66  8:21  Terran Vehicle And Ship Armor Level 1  
  66  8:25  SCV  
  55  8:37  SCV  
  55  8:38  Thor  
  62  8:49  SCV  
  57  8:57  Thor  
  57  9:01  SCV  
  52  9:13  SCV  
  53  9:20  Thor  
  59  9:25  SCV  
  60  9:40  Thor  
  66  9:57  Widow Mine x2  
  70  10:03  Thor  
  76  10:19  Widow Mine x2  
  80  10:23  Terran Vehicle Weapons Level 2, Thor  
  86  10:35  Orbital Command  
  86  11:37  Supply Depot  
  86  11:38  Supply Depot  
  86  11:42  Supply Depot  
  86  11:43  Supply Depot  
  86  11:58  Thor  
  86  11:59  Thor  
Show
View Real Time Build Order
Export as new Build Order

iNkParesSinS Terran 

Build Orders: Hellion Opening, Mech 

Get SALT Encoding   

  12  0:01  SCV  
  13  0:13  SCV  
  14  0:20  Supply Depot  
  14  0:26  Refinery  
  14  0:29  SCV  
  15  0:43  Barracks  
  15  0:47  SCV  
  16  0:58  Refinery  
  16  0:59  SCV  
  18  1:11  SCV  
  18  1:23  SCV  
  19  1:29  Supply Depot  
  19  1:35  SCV  
  19  1:36  Factory  
  20  1:41  Barracks Reactor  
  20  1:55  Orbital Command  
  20  2:28  Factory  
  20  2:31  Hellion  
  20  2:32  Hellion  
  24  2:44  Supply Depot  
  24  2:53  SCV, Hellion x2  
  29  3:00  Barracks Tech Lab  
  29  3:12  SCV  
  30  3:14  Hellion x2  
  34  3:30  Infernal Pre-Igniter  
  34  3:32  Armory  
  34  3:48  Hellion x2  
  38  4:01  Supply Depot  
  38  4:23  Siege Tank, Hellion x2  
  45  4:24  Supply Depot  
  45  4:54  Hellion x2  
  45  4:56  Hellion  
  49  5:17  Siege Tank  
  42  6:00  Siege Tank  
  45  6:12  Command Center  
  45  6:24  SCV  
  46  6:27  Refinery  
  46  6:29  Refinery  
  46  6:32  Thor  
  46  6:33  Factory  
  46  6:34  Factory  
  46  6:37  SCV  
  53  6:49  SCV  
  53  6:53  Marine  
  55  7:01  Supply Depot, Terran Vehicle Weapons Level 1  
  55  7:20  Factory Tech Lab  
  55  7:22  Thor, Marine  
  62  7:23  Factory Tech Lab  
  62  7:24  Hellion x2  
  58  7:56  Siege Tank, Thor  
  58  7:58  Hellion x2  
  68  8:38  Siege Tank x2  
  68  8:39  Hellion x2  
  78  8:46  Hellion  
  74  8:49  Supply Depot  
  74  8:52  SCV x2  
  70  9:01  Hellion  
  72  9:04  SCV  
  73  9:11  Siege Tank  
  73  9:13  Hellion  
  78  9:17  Terran Vehicle And Ship Armor Level 1  
  78  9:35  Siege Tank  
  78  9:36  Hellion  
  83  9:48  Engineering Bay  
  83  9:51  Orbital Command  
  83  10:19  Siege Tank  
  86  10:28  Supply Depot  
  86  10:34  Hellion  
  85  10:35  Hellion  
  85  10:43  Hellion  
  79  10:53  Supply Depot  
  77  11:07  Siege Tank x2  
  77  11:09  Hellbat x3  
  89  11:30  Thor, Hellbat x2  
  99  11:39  Siege Tank  
  100  12:14  Supply Depot  
  100  12:16  Command Center  
  100  12:32  Siege Tank  
  105  12:39  Supply Depot  
  105  13:03  Supply Depot  
Show
View Real Time Build Order
Export as new Build Order

ILIEKEGGPIE Protoss 

Build Orders: Oracle Opening 

Get SALT Encoding   

  12  0:01  Probe  
  13  0:13  Probe  
  14  0:22  Pylon  
  14  0:25  Probe  
  15  0:40  Probe  
  16  0:43  Gateway  
  16  0:51  Assimilator  
  16  0:52  Probe  
  17  1:04  Probe  
  17  1:08  Assimilator  
  18  1:16  Probe  
  19  1:24  Pylon  
  19  1:29  Probe  
  20  1:35  Cybernetics Core  
  20  1:41  Probe  
  21  1:53  Probe  
  22  2:03  Nexus  
  22  2:12  Adept  
  22  2:13  Probe  
  22  2:14  Warp Gate (Chrono Boost)  
  25  2:33  Stargate  
  25  2:43  Stalker  
  27  2:47  Probe  
  28  2:59  Probe  
  28  3:02  Pylon  
  29  3:11  Probe  
  30  3:15  Oracle (Chrono Boost)  
  33  3:23  Probe  
  34  3:27  Probe  
  35  3:37  Probe (Chrono Boost)  
  35  3:40  Probe (Chrono Boost)  
  37  3:46  Robotics Facility  
  38  3:52  Probe (Chrono Boost)  
  38  3:54  Probe (Chrono Boost)  
  39  3:58  Probe (Chrono Boost)  
  41  4:06  Probe (Chrono Boost)  
  41  4:08  Probe (Chrono Boost)  
  42  4:11  Gateway  
  42  4:13  Probe x2 (Chrono Boost)  
  42  4:14  Gateway  
  41  4:38  Stalker  
  41  4:39  Immortal (Chrono Boost)  
  37  5:07  Stalker  
  12  5:32  Gateway  
  10  5:52  Probe  
  8  5:58  Stalker  
  8  6:04  Probe  
  9  6:16  Probe, Nexus  
  10  6:26  Immortal (Chrono Boost)  
  10  6:31  Probe  
  15  6:37  Sentry x2  
  19  6:43  Probe (Chrono Boost)  
  20  6:54  Probe (Chrono Boost)  
  22  7:02  Probe (Chrono Boost)  
  22  7:07  Probe (Chrono Boost)  
  23  7:14  Sentry  
  25  7:15  Probe  
  25  7:22  Assimilator  
  26  7:25  Assimilator  
  26  7:39  Probe x2  
  29  7:51  Probe (Chrono Boost)  
  29  7:52  Probe (Chrono Boost)  
  30  8:03  Probe x2 (Chrono Boost)  
  28  8:29  Probe x2  
  28  8:30  Immortal (Chrono Boost)  
  28  8:41  Probe  
  28  8:47  Assimilator  
  29  8:54  Zealot  
  29  8:55  Zealot  
  33  8:58  Probe x2  
  35  9:10  Probe x2  
  37  9:23  Probe (Chrono Boost)  
  38  9:27  Probe (Chrono Boost), Pylon  
  38  9:31  Immortal (Chrono Boost)  
  39  9:34  Probe (Chrono Boost)  
  39  9:37  Probe (Chrono Boost)  
  45  9:39  Probe (Chrono Boost)  
  45  9:43  Probe  
  47  9:48  Probe  
  48  9:55  Probe  
  49  10:00  Probe  
  50  10:08  Probe  
  50  10:10  Nexus  
  50  10:12  Probe  
  52  10:20  Probe, Robotics Facility  
  53  10:25  Probe, Forge  
  54  10:37  Pylon  
  54  10:39  Pylon  
  54  10:55  Probe  
  53  11:07  Probe (Chrono Boost)  
  53  11:09  Immortal  
  53  11:11  Protoss Ground Weapons Level 1 (Chrono Boost)  
  59  11:13  Immortal, Probe (Chrono Boost)  
  59  11:14  Sentry x2  
  59  11:16  Probe (Chrono Boost)  
  68  11:21  Pylon  
  68  11:23  Probe (Chrono Boost)  
  71  11:26  Probe (Chrono Boost)  
  71  11:28  Probe (Chrono Boost)  
  72  11:33  Probe (Chrono Boost)  
  72  11:36  Probe (Chrono Boost)  
  73  11:42  Assimilator  
  73  11:43  Assimilator  
  73  11:45  Sentry x2  
  77  12:03  Probe  
  77  12:04  Probe x2, Gateway  
  77  12:05  Gateway  
  80  12:08  Pylon  
  80  12:11  Pylon  
  80  12:13  Immortal x2  
  88  12:15  Probe, Pylon  
  88  12:16  Probe x2  
  68  12:44  Probe x3  
Show
View Real Time Build Order
Export as new Build Order

BizMac Zerg 

Build Orders: Pool First 

Get SALT Encoding   

  12  0:03  Drone  
  13  0:08  Drone  
  14  0:17  Overlord  
  14  0:36  Drone x3  
  17  0:45  Extractor  
  17  0:47  Spawning Pool  
  15  0:51  Drone  
  16  1:18  Hatchery  
  16  1:20  Drone  
  16  1:23  Drone  
  17  1:31  Drone  
  18  1:40  Queen  
  20  1:48  Overlord  
  20  1:55  Metabolic Boost  
  20  2:06  Drone x2  
  22  2:27  Extractor  
  21  2:32  Zergling x8  
  25  2:37  Queen  
  27  2:50  Drone  
  27  2:51  Drone x3  
  31  2:56  Lair  
  31  2:59  Drone  
  31  3:04  Overlord  
  32  3:07  Drone  
  32  3:11  Drone  
  34  3:18  Drone x2  
  35  3:43  Spine Crawler, Drone x2  
  35  3:46  Zergling x8  
  37  3:55  Hydralisk Den  
  36  3:58  Roach Warren  
  36  3:59  Zergling x4  
  37  4:05  Spine Crawler  
  37  4:08  Zergling x4  
  38  4:20  Zergling x6  
  38  4:21  Zergling x2  
  42  4:32  Zergling x4  
  42  4:36  Overlord x2  
  43  4:53  Hydralisk  
  43  4:54  Hydralisk x3  
  41  5:07  Hydralisk  
  41  5:08  Hydralisk x2  
  45  5:24  Grooved Spines  
  45  5:25  Hydralisk  
  45  5:26  Hydralisk  
  44  5:40  Hydralisk  
  44  5:41  Hydralisk x2  
  50  6:18  Extractor  
  49  6:19  Drone x5  
  49  6:20  Extractor  
  53  6:28  Drone x3  
  53  6:29  Drone x3  
  59  6:35  Muscular Augments  
  59  6:41  Drone  
  59  6:42  Overlord x2  
  60  7:00  Overlord x3  
  60  7:10  Drone x4  
  64  7:18  Glial Reconstitution  
  62  7:31  Roach x6  
  62  7:32  Roach  
  62  7:36  Overseer  
  76  8:03  Roach x6  
  88  8:19  Drone x3  
  91  8:22  Hydralisk x3  
  85  8:52  Hydralisk  
  85  8:53  Hydralisk x8  
  79  9:04  Roach x2  
  83  9:18  Evolution Chamber  
  83  9:19  Drone x2, Evolution Chamber  
  83  9:40  Hatchery  
  82  9:57  Overlord  
  82  9:58  Overlord  
  82  10:11  Roach x4  
  82  10:12  Roach  
  92  10:16  Zerg Missile Weapons Level 1, Zerg Ground Armor Level 1  
  92  10:18  Overlord  
  92  10:19  Overlord  
  92  10:20  Hydralisk x3  
  98  10:21  Roach x2  
  96  10:57  Hydralisk x4, Roach x4  
  110  11:15  Drone  
  110  11:16  Drone x2  
  113  11:28  Hydralisk x6  
  107  11:42  Queen  
  107  11:45  Spore Crawler  
  108  11:47  Spine Crawler  
  108  11:52  Spine Crawler  
  108  11:54  Hydralisk x4  
  106  11:58  Roach  
  69  12:40  Hydralisk x9  
Tags
 
Add a new tag
Caveats
  • Supply blocks, unpowered buildings, or Contaminate may cause inaccurate times.
  • Supply counts are checked every 10 seconds.